[Event "TUR-chT Superleague 2018"]
[Site "Ankara"]
[Date "2018.08.01"]
[Round "8"]
[White "Keskin, Elif"]
[Black "Onur, Cigdem"]
[Result "0-1"]
[ECO "D05"]
[WhiteElo "1775"]
[BlackElo "1750"]
[Annotator "NA"]
[PlyCount "68"]
[EventDate "2018.07.25"]
[EventType "team-tourn"]
[EventCountry "TUR"]
[SourceTitle "playchess.com"]
[Source "ChessBase"]
[SourceQuality "1"]
[TimeControl "40/5400+30:1800+30"]

1. d4 d5 2. Nf3 Nf6 3. e3 e6 4. Bd3 c5 5. O-O Nc6 6. c3 Bd6 7. Nbd2 O-O 8. Qe2 e5 9. dxe5 Nxe5 10. Nxe5 Bxe5 11. Nf3 Bc7 12. h3 Re8 13. Qc2 Ne4 14. c4 Qd6 15. Rd1 Qg6 16. Kh1 Qh5 17. Bxe4 dxe4 18. Ng1 Be6 19. Qe2 Qxe2 20. Nxe2 Bxc4 21. Nc3 Rad8 22. Bd2 b6 23. Rac1 Ba6 24. a4 Be5 25. b3 f5 26. g4 fxg4 27. hxg4 Bc8 28. Be1 Bxg4 29. Rd2 Bf3+ 30. Kg1 Rxd2 31. Bxd2 Re6 32. Kf1 Rh6 33. Ne2 Rh1+ 34. Ng1 Bh2 0-1

[Event "TUR-chT Superleague 2018"]
[Site "Ankara"]
[Date "2018.08.02"]
[Round "9"]
[White "Yurtseven, Melih"]
[Black "Oksuz, Akin"]
[Result "0-1"]
[ECO "B07"]
[WhiteElo "2404"]
[BlackElo "2167"]
[Annotator "NA"]
[PlyCount "86"]
[EventDate "2018.07.25"]
[EventType "team-tourn"]
[EventCountry "TUR"]
[SourceTitle "playchess.com"]
[Source "ChessBase"]
[SourceQuality "1"]
[TimeControl "40/5400+30:1800+30"]

1. Nf3 d6 2. d4 g6 3. e4 Nf6 4. Bd3 Bg7 {[%emt 0:00:00] LiveBook: 524 Games} 5. O-O O-O 6. c3 Nbd7 7. Be3 {[%emt 0:00:30] B07: Pirc Defence: Miscellaneous Systems} (7. Re1 e5 8. a4 Re8 9. Bg5 h6 10. Bh4 g5 11. Bg3 Nh5 12. Na3 Nxg3 13. hxg3 exd4 14. cxd4 Nf8 15. Nc2 a6 {1-0 (51) Grachev,B (2658)-Can,E (2589) Minsk 2017}) 7... e5 8. Nbd2 b6 9. a4 a6 $146 ({Predecessor:} 9... a5 10. Re1 Bb7 11. Qc2 Re8 12. Rad1 h6 13. h3 Nh5 14. Bb5 c6 {½-½ (52) Sanal,V (2543)-Olcum,A (2257) Batumi 2018}) 10. Qb1 Bb7 11. b4 h6 12. h3 Re8 13. d5 Nh5 14. Rc1 Nf4 15. Bf1 f5 16. exf5 (16. c4 $16) 16... Nxd5 17. Bc4 gxf5 18. Qxf5 Kh8 19. Bg5 N7f6 20. Bh4 Qc8 21. Qc2 Nf4 22. Bg3 N6h5 23. Nh4 d5 24. Bf1 $17 e4 25. Nb3 Rg8 26. Nd4 Be5 27. Bxf4 Bxf4 28. Ndf5 Rg5 29. g4 Qe6 30. Bg2 Bxc1 31. Qxc1 Ng7 32. Qf4 Nxf5 33. Nxf5 Rag8 34. Qxc7 Bc8 35. Rd1 Rxf5 36. gxf5 Qxf5 37. Re1 Qf3 38. Qe5+ Kh7 39. Qc7+ Bd7 40. Qxd7+ Kh8 41. Kf1 Qxg2+ 42. Ke2 Qf3+ 43. Kf1 Rf8 0-1

[Event "TUR-chT Superleague 2018"]
[Site "Ankara"]
[Date "2018.08.02"]
[Round "9"]
[White "Koksal, Ege"]
[Black "Erdogdu, Mert"]
[Result "1/2-1/2"]
[ECO "D76"]
[WhiteElo "2381"]
[BlackElo "2411"]
[Annotator "NA"]
[PlyCount "62"]
[EventDate "2018.07.25"]
[EventType "team-tourn"]
[EventCountry "TUR"]
[SourceTitle "playchess.com"]
[Source "ChessBase"]
[SourceQuality "1"]
[TimeControl "40/5400+30:1800+30"]

1. d4 Nf6 2. Nf3 g6 3. g3 Bg7 4. Bg2 d5 5. c4 dxc4 6. Qa4+ Nfd7 7. O-O Nc6 {[%emt 0:00:30] LiveBook: 23 Partien} 8. Qxc4 Nb6 9. Qc2 O-O 10. e3 {[%emt 0:03:00] D76: Fianchetto Grünfeld: Main Line with 7...Nb6} a5 (10... Bf5 11. e4 Bg4 12. d5 Bxf3 13. dxc6 Bxg2 14. Kxg2 bxc6 15. Qxc6 Qd6 16. Qc2 Rfd8 17. a4 a5 {0-1 (49) Khotenashvili,B (2526)-Wei,Y (2675) Caleta 2015}) 11. Nc3 $146 ({Predecessor:} 11. Rd1 Bd7 12. h3 Qc8 13. Kh2 Nb4 14. Qe2 c5 15. Nc3 Be6 16. Qb5 Ra6 17. Qxc5 Qxc5 18. dxc5 {1-0 (91) Ricardi,P (2544)-Slipak,S (2498) Pinamar 2002}) 11... a4 12. Rd1 Ra5 13. Bd2 Bf5 14. Ne4 Rb5 15. Nh4 Bg4 16. Rdc1 $16 Bc8 17. Nc5 Nxd4 18. exd4 Bxd4 19. Nd3 g5 20. Nf3 Bf5 21. Nxd4 Qxd4 22. Bf1 Rd8 23. Be3 Qd6 24. Bxb6 cxb6 25. Qxa4 Ra5 26. Qb3 Bxd3 27. Rd1 Rd5 28. Bxd3 Rxd3 29. Rxd3 Qxd3 30. Qxb6 Qd5 31. Rc1 Rd6 1/2-1/2

[Event "TUR-chT Superleague 2018"]
[Site "Ankara"]
[Date "2018.08.02"]
[Round "9"]
[White "Can, Isik"]
[Black "Gulbeyaz, Emir"]
[Result "1/2-1/2"]
[ECO "B09"]
[WhiteElo "2377"]
[BlackElo "2208"]
[Annotator "NA"]
[PlyCount "70"]
[EventDate "2018.07.25"]
[EventType "team-tourn"]
[EventCountry "TUR"]
[SourceTitle "playchess.com"]
[Source "ChessBase"]
[SourceQuality "1"]
[TimeControl "40/5400+30:1800+30"]

1. e4 d6 2. d4 Nf6 3. Nc3 g6 4. f4 Bg7 5. Nf3 O-O 6. Bd3 Na6 7. O-O c5 8. d5 Bg4 9. Bc4 Nd7 10. h3 Bxf3 11. Qxf3 Nc7 12. a4 a6 13. Qd3 Rb8 14. a5 b5 15. axb6 Nxb6 16. b3 e6 17. dxe6 fxe6 18. Bd2 Nxc4 19. bxc4 Qd7 20. Rf3 Rbd8 21. Raf1 d5 22. cxd5 exd5 23. exd5 Nxd5 24. Qxa6 Nb4 25. Qc4+ Qf7 26. Qxf7+ Rxf7 27. Ne4 Re7 28. Bxb4 cxb4 29. Ng3 Rd2 30. f5 Bd4+ 31. Kh1 Rxc2 32. Rd3 Bf2 33. Rf3 Bd4 34. Rd3 Bf2 35. Rf3 Bd4 1/2-1/2

[Event "TUR-chT Superleague 2018"]
[Site "Ankara"]
[Date "2018.08.02"]
[Round "9"]
[White "Apaydin, Fethi"]
[Black "Esen, Baris"]
[Result "1/2-1/2"]
[ECO "A00"]
[WhiteElo "2353"]
[BlackElo "2487"]
[Annotator "RC"]
[PlyCount "61"]
[EventDate "2018.07.25"]
[EventType "team-tourn"]
[EventCountry "TUR"]
[SourceTitle "playchess.com"]
[Source "ChessBase"]
[SourceQuality "1"]
[TimeControl "40/5400+30:1800+30"]

1. e4 d5 2. Nc3 dxe4 3. Nxe4 Nd7 4. Bc4 e6 5. d4 Ngf6 6. Ng3 c5 7. Nf3 b5 8. Be2 Bb7 9. O-O a6 10. a4 b4 11. c3 bxc3 12. bxc3 Bd6 13. Nd2 O-O 14. Nc4 Be7 15. Rb1 Bd5 16. Bf4 Bxc4 17. Bxc4 Nb6 18. Be2 Nbd5 19. Bd2 cxd4 20. cxd4 a5 21. Rb5 Bb4 22. Bf3 Ra7 23. Ne4 Nxe4 24. Bxe4 Rd7 25. Bxd5 Bxd2 26. Bxe6 Rxd4 27. Bb3 Bb4 28. Qc2 g6 29. g3 Rd2 30. Qc4 Rd4 31. Qc2 1/2-1/2

[Event "TUR-chT Superleague 2018"]
[Site "Ankara"]
[Date "2018.08.02"]
[Round "9"]
[White "Savina, Anastasia"]
[Black "Buksa, Nataliya"]
[Result "0-1"]
[ECO "A13"]
[WhiteElo "2334"]
[BlackElo "2376"]
[Annotator "NA"]
[PlyCount "84"]
[EventDate "2018.07.25"]
[EventType "team-tourn"]
[EventCountry "TUR"]
[SourceTitle "playchess.com"]
[Source "ChessBase"]
[SourceQuality "1"]
[TimeControl "40/5400+30:1800+30"]

1. Nf3 d5 2. c4 e6 3. b3 Nf6 4. Bb2 c5 5. cxd5 exd5 6. g3 Nc6 7. Bg2 d4 8. O-O Be7 9. Na3 O-O 10. Nc4 Be6 11. e3 Rc8 12. exd4 cxd4 13. Nce5 $11 Nxe5 14. Nxe5 Qb6 15. Re1 Rfd8 16. Rc1 Bc5 17. Nd3 Bf8 18. Rxc8 Rxc8 19. Nf4 Bf5 20. Re5 Bg4 21. Qa1 Rd8 22. h3 Bc8 23. Qf1 Qc7 24. Qe1 Qc2 25. Qc1 Qxc1+ 26. Bxc1 Bd6 27. Ra5 a6 28. Nd5 b5 29. Nxf6+ gxf6 30. Ba3 Bc7 31. Bb4 Bxa5 32. Bxa5 Re8 33. Kf1 Bf5 34. a3 Bd3+ 35. Kg1 Bc2 36. Bb6 Re1+ 37. Kh2 Re2 38. Bxd4 Rxd2 39. Be3 Rd3 40. Bb7 a5 41. b4 Rxa3 42. bxa5 Rxa5 0-1

[Event "TUR-chT Superleague 2018"]
[Site "Ankara"]
[Date "2018.08.02"]
[Round "9"]
[White "Balajayeva, Khanim"]
[Black "Sade, Defne"]
[Result "1-0"]
[ECO "C47"]
[WhiteElo "2332"]
[BlackElo "1968"]
[Annotator "NA"]
[PlyCount "45"]
[EventDate "2018.07.25"]
[EventType "team-tourn"]
[EventCountry "TUR"]
[SourceTitle "playchess.com"]
[Source "ChessBase"]
[SourceQuality "1"]
[TimeControl "40/5400+30:1800+30"]

1. e4 e5 2. Nf3 Nc6 3. Nc3 Nf6 4. Be2 Be7 5. O-O O-O 6. d4 {[%emt 0:00:00] LiveBook: 4 Games} d6 7. h3 Re8 8. Be3 Bf8 9. Qd2 Bd7 $14 10. dxe5 Nxe5 11. Nxe5 dxe5 12. Bg5 Bc6 13. Qe3 Qe7 14. Bb5 Qe6 15. Rfd1 a6 16. Bxc6 Qxc6 17. Bxf6 Qxf6 18. Nd5 Qc6 19. Rd3 Bd6 20. Rc3 Qd7 21. Nf6+ gxf6 22. Qh6 Kh8 23. Rg3 1-0

[Event "TUR-chT Superleague 2018"]
[Site "Ankara"]
[Date "2018.08.02"]
[Round "9"]
[White "Kilic, Efe Mert"]
[Black "Yildirim, Ibrahim Halil"]
[Result "1-0"]
[ECO "C24"]
[WhiteElo "2317"]
[BlackElo "1783"]
[Annotator "NA"]
[PlyCount "95"]
[EventDate "2018.07.25"]
[EventType "team-tourn"]
[EventCountry "TUR"]
[SourceTitle "playchess.com"]
[Source "ChessBase"]
[SourceQuality "1"]
[TimeControl "40/5400+30:1800+30"]

1. e4 e5 2. Bc4 Nf6 3. d3 c6 4. f4 d5 5. fxe5 Nxe4 6. Nf3 dxc4 7. dxe4 Qxd1+ 8. Kxd1 Bg4 9. Bf4 Nd7 10. Nbd2 O-O-O 11. Kc1 c3 12. Nc4 Nc5 13. Re1 Ne6 14. Bg3 Bxf3 15. gxf3 h5 16. h4 cxb2+ 17. Kxb2 Bc5 18. Nd6+ Bxd6 19. exd6 f6 20. Rad1 Kd7 21. f4 c5 22. c3 c4 23. Kc2 Rhe8 24. Rd5 g6 25. f5 gxf5 26. Rxf5 Rg8 27. Re3 Rg6 28. Rxh5 Rdg8 29. Rh7+ Kc6 30. Re7 Nc5 31. Rc7+ Kb5 32. a4+ Nxa4 33. Bf2 Nc5 34. d7 Ne6 35. Rxb7+ Kc6 36. Rxa7 Rg2 37. Rf3 Rf8 38. Kd1 Rg7 39. Bd4 Nxd4 40. cxd4 Rxd7 41. d5+ Kd6 42. e5+ Kxd5 43. Rxd7+ Kxe5 44. Re7+ Kd6 45. Re4 Kd5 46. Rff4 Rh8 47. Rxc4 Ke6 48. Rc6+ 1-0

[Event "TUR-chT Superleague 2018"]
[Site "Ankara"]
[Date "2018.08.02"]
[Round "9"]
[White "Ozenir, Ekin Baris"]
[Black "Ozen, Bahadir"]
[Result "0-1"]
[ECO "D36"]
[WhiteElo "2314"]
[BlackElo "2302"]
[Annotator "NA"]
[PlyCount "138"]
[EventDate "2018.07.25"]
[EventType "team-tourn"]
[EventCountry "TUR"]
[SourceTitle "playchess.com"]
[Source "ChessBase"]
[SourceQuality "1"]
[TimeControl "40/5400+30:1800+30"]

1. d4 d5 2. c4 e6 3. Nc3 Nf6 4. cxd5 exd5 5. Bg5 Be7 6. e3 O-O 7. Bd3 c6 8. Qc2 Nbd7 9. Nge2 Re8 10. O-O Nf8 11. Rad1 Ng6 12. Ng3 Ng4 13. Bxe7 Qxe7 14. Rfe1 Bd7 15. Nf1 Nf6 16. b4 Nf8 17. Qb2 Ne6 18. Ng3 Qf8 19. a3 b5 20. Bb1 a5 21. f3 axb4 22. axb4 h5 23. e4 h4 24. Nf5 g6 25. Ne3 Nf4 26. Rc1 Qh6 27. e5 N6h5 28. Ng4 Qg5 29. h3 Bxg4 30. fxg4 Ng3 31. Kh2 f6 32. Nd1 Re6 33. Nf2 Rae8 34. Nh1 Nxh1 35. Kxh1 fxe5 36. Rf1 exd4 37. Qd2 Rf6 38. Qxd4 Qe5 39. Qxe5 Rxe5 40. Bxg6 Kg7 41. Bb1 d4 42. Rcd1 Nd5 43. Rxf6 Kxf6 44. Bf5 Nxb4 45. Rxd4 Re1+ 46. Kh2 Nd5 47. Bd7 Ke5 48. Rd3 Kd6 49. Bf5 c5 50. g5 Re5 51. Rf3 Ne7 52. Bc2 Rxg5 53. Rf4 Rh5 54. g4 hxg3+ 55. Kxg3 c4 56. h4 Rh8 57. Kf3 Nd5 58. Rg4 Kc5 59. Bg6 b4 60. h5 b3 61. Ke2 Rf8 62. h6 Nf4+ 63. Kd2 Nxg6 64. Rxg6 Rf2+ 65. Kc1 Rh2 66. Rf6 Kb4 67. Rg6 Rh1+ 68. Kd2 c3+ 69. Kd3 c2 0-1

[Event "TUR-chT Superleague 2018"]
[Site "Ankara"]
[Date "2018.08.02"]
[Round "9"]
[White "Tasdogen, Dincer"]
[Black "Kamer, Kayra"]
[Result "1/2-1/2"]
[ECO "C00"]
[WhiteElo "2280"]
[BlackElo "2208"]
[Annotator "NA"]
[PlyCount "164"]
[EventDate "2018.07.25"]
[EventType "team-tourn"]
[EventCountry "TUR"]
[SourceTitle "playchess.com"]
[Source "ChessBase"]
[SourceQuality "1"]
[TimeControl "40/5400+30:1800+30"]

1. e4 c5 2. Nf3 e6 3. g3 d5 4. Nc3 d4 5. Ne2 Nc6 6. d3 g6 7. Bg2 Bg7 8. O-O Nge7 9. Nd2 O-O 10. f4 Rb8 11. e5 b5 12. Ne4 Qb6 13. g4 Nd5 14. g5 Nce7 15. N2g3 Nf5 16. Nxf5 $11 exf5 17. Nf6+ Bxf6 18. gxf6 Nc7 19. Qe1 Bb7 20. Qh4 h5 21. Kf2 Bxg2 22. Rg1 Kh7 23. Rxg2 Rh8 24. Bd2 Ne6 25. Qh3 Qc6 26. Qf3 Rhc8 27. Qxc6 Rxc6 28. Rgg1 Kg8 29. Rgb1 c4 30. Ke2 Kf8 31. Kd1 Ke8 32. a4 b4 33. dxc4 Rxc4 34. b3 Rc6 35. a5 Nc5 36. Ke2 Kd7 37. Rb2 Ke6 38. Be1 Kd5 39. Kf3 Ne4 40. Ke2 Rbc8 41. Rc1 Nc3+ 42. Kd3 Ra6 43. Ra1 g5 44. fxg5 Re6 45. Bg3 Ne4 46. Bf4 Nf2+ 47. Kd2 Nh3 48. Rf1 Ke4 49. Rbb1 Rec6 50. Rbe1+ Kd5 51. Rc1 Rg8 52. Rce1 Nxf4 53. Rxf4 Rxg5 54. Re2 Rc3 55. h4 Rgg3 56. Rxf5 Rxc2+ 57. Kxc2 d3+ 58. Kd2 dxe2 59. Kxe2 Rxb3 60. Rxh5 Ra3 61. Rg5 Ke6 62. Rg4 Rxa5 63. Rxb4 Rxe5+ 64. Kf3 Kxf6 65. Rb7 a5 66. Ra7 Kg6 67. Kf4 f6 68. Ra6 Rb5 69. Kg4 Rb4+ 70. Kf3 Rb3+ 71. Kf4 Rb5 72. Kg4 Rc5 73. Kf4 Rc4+ 74. Ke3 a4 75. h5+ Kg5 76. h6 Rh4 77. h7 a3 78. Rxa3 Rxh7 79. Ra4 f5 80. Kf3 Rh1 81. Rb4 Rf1+ 82. Kg2 Rf4 1/2-1/2

[Event "TUR-chT Superleague 2018"]
[Site "Ankara"]
[Date "2018.08.02"]
[Round "9"]
[White "Kara, Yanki"]
[Black "Ozoglu, Berker"]
[Result "1-0"]
[ECO "C66"]
[WhiteElo "2270"]
[BlackElo "1843"]
[Annotator "NA"]
[PlyCount "105"]
[EventDate "2018.07.25"]
[EventType "team-tourn"]
[EventCountry "TUR"]
[SourceTitle "playchess.com"]
[Source "ChessBase"]
[SourceQuality "1"]
[TimeControl "40/5400+30:1800+30"]

1. e4 e5 2. Nf3 Nc6 3. Bb5 Nf6 4. d3 d6 5. O-O {[%emt 0:00:30] LiveBook: 763 Games} h6 6. c3 a6 7. Ba4 b5 8. Bc2 g5 9. Re1 Bg7 10. d4 Bg4 11. Be3 O-O 12. Nbd2 Ne7 13. h3 Bxf3 14. Nxf3 Ng6 15. a4 g4 $16 16. dxe5 dxe5 17. hxg4 Nxg4 18. Bc5 Qf6 19. Qd7 Qf4 20. Qf5 Rfe8 21. g3 Qxf5 22. exf5 Nf8 23. Be4 Nd7 24. Bxa8 Nxc5 25. Bc6 Rb8 26. axb5 axb5 27. b4 Rb6 28. Ra8+ Kh7 29. Be4 Nxe4 30. Rxe4 Nf6 31. Rh4 Bh8 32. Nxe5 Nd5 33. Nxf7 Bxc3 34. Ng5+ Kg7 35. Ne6+ Kh7 36. Rd8 Rd6 37. Rc8 Bf6 38. Rg4 h5 39. Rg6 Rxe6 40. Rf8 Bg7 41. Rd8 Re5 42. Rd7 Ne7 43. f4 Re4 44. Re6 Rxe6 45. fxe6 Bf6 46. Rxc7 Kg6 47. Rb7 Nf5 48. Rxb5 Nxg3 49. Kf2 h4 50. Rd5 Nf5 51. b5 Bd4+ 52. Kf3 Bg1 53. Rxf5 1-0

[Event "TUR-chT Superleague 2018"]
[Site "Ankara"]
[Date "2018.08.02"]
[Round "9"]
[White "Yilmaz, Goktan"]
[Black "Sari, Yasin"]
[Result "1/2-1/2"]
[ECO "B15"]
[WhiteElo "2233"]
[BlackElo "2299"]
[Annotator "NA"]
[PlyCount "105"]
[EventDate "2018.07.25"]
[EventType "team-tourn"]
[EventCountry "TUR"]
[SourceTitle "playchess.com"]
[Source "ChessBase"]
[SourceQuality "1"]
[TimeControl "40/5400+30:1800+30"]

1. e4 g6 2. d4 Bg7 3. Nc3 c6 4. Nf3 d5 5. e5 Bg4 6. h3 Bxf3 $1 {[%emt 0:01:30] LiveBook: 9 Games} 7. Qxf3 e6 8. Qd3 a6 9. f4 Nd7 10. Be2 (10. Ne2 $11) 10... c5 $15 11. dxc5 Nxc5 12. Qd4 Nd7 13. Be3 Ne7 14. Bf2 Nc6 15. Qd2 O-O 16. O-O b5 17. Bd3 Bh6 18. a4 b4 19. Na2 a5 20. Bb5 Ncxe5 21. Qd4 Nc4 22. Bxc4 Bg7 23. Qd3 dxc4 24. Qxc4 Nb6 25. Qb5 Nd5 26. c3 bxc3 27. Nxc3 Nxc3 28. bxc3 Bxc3 29. Rad1 Qf6 30. Be3 Rab8 31. Qg5 Rb2 32. Rd7 Ra2 33. Rfd1 Ra1 34. Rxa1 Qxg5 35. fxg5 Bxa1 36. Bd2 Ra8 37. Kf2 Bg7 38. Rb7 Bf8 39. Ke2 Bb4 40. Bxb4 axb4 41. Rxb4 h6 42. gxh6 Kh7 43. Kd3 e5 44. Kc4 e4 45. Kb5 f5 46. a5 e3 47. Ra4 e2 48. Ra1 Re8 49. Re1 Re5+ 50. Kb6 Re6+ 51. Kb7 Re7+ 52. Kc6 Re6+ 53. Kb5 1/2-1/2

[Event "TUR-chT Superleague 2018"]
[Site "Ankara"]
[Date "2018.08.02"]
[Round "9"]
[White "Uzumcu, Ahmet Utku"]
[Black "Isik, Alparslan"]
[Result "0-1"]
[ECO "B93"]
[WhiteElo "2231"]
[BlackElo "2187"]
[Annotator "NA"]
[PlyCount "126"]
[EventDate "2018.07.25"]
[EventType "team-tourn"]
[EventCountry "TUR"]
[SourceTitle "playchess.com"]
[Source "ChessBase"]
[SourceQuality "1"]
[TimeControl "40/5400+30:1800+30"]

1. e4 c5 2. Nf3 d6 3. d4 cxd4 4. Nxd4 Nf6 5. Nc3 a6 6. f4 Qc7 7. a4 g6 8. Be2 Bg7 9. Be3 O-O 10. O-O Nc6 11. Nb3 b6 12. Bf3 Bb7 13. Qe2 e6 14. Rad1 Rfd8 15. g4 Nd7 16. g5 Nc5 17. Bg2 Nb4 18. h4 d5 $11 19. e5 Nxb3 20. cxb3 Bf8 21. Qf2 Bc5 22. Bd4 Bxd4 23. Rxd4 Qc5 24. Rfd1 Nc6 25. R4d3 Qxf2+ 26. Kxf2 a5 27. Bf1 Ba6 28. R3d2 Bxf1 29. Rxf1 Rdc8 30. Nb5 Ne7 31. Nd6 Rc5 32. Ke2 Nf5 33. Nxf5 gxf5 34. Rf3 Rac8 35. Rdd3 Rc2+ 36. Rd2 Rc1 37. h5 Rh1 38. h6 Rhc1 39. Rdd3 R8c2+ 40. Rd2 Rc5 41. Rdd3 Rb1 42. Rd2 Kf8 43. Kd3 Ke7 44. Rc2 Rd1+ 45. Rd2 Rdc1 46. Ke2 Kd7 47. Kd3 Kc7 48. Kd4 Re1 49. Kd3 Re4 50. Rg2 Kd7 51. Rd2 Rb4 52. Ke2 Kc6 53. Rdd3 d4 54. Rf2 Kd5 55. Kf3 b5 56. axb5 Rcxb5 57. Rc2 Rxb3 58. Rxb3 Rxb3+ 59. Kf2 Ke4 60. Rc7 Rxb2+ 61. Ke1 Ke3 62. Kd1 d3 63. Kc1 Rc2+ 0-1

[Event "TUR-chT Superleague 2018"]
[Site "Ankara"]
[Date "2018.08.02"]
[Round "9"]
[White "Kizilkaya, Mehmet"]
[Black "Salepci, Osman Firat"]
[Result "1-0"]
[ECO "B22"]
[WhiteElo "2205"]
[BlackElo "2082"]
[Annotator "NA"]
[PlyCount "43"]
[EventDate "2018.07.25"]
[EventType "team-tourn"]
[EventCountry "TUR"]
[SourceTitle "playchess.com"]
[Source "ChessBase"]
[SourceQuality "1"]
[TimeControl "40/5400+30:1800+30"]

1. e4 c5 2. Nf3 e6 3. c3 Nf6 4. e5 Nd5 5. d4 cxd4 6. cxd4 b6 7. Bd2 Be7 8. Nc3 Nxc3 9. Bxc3 O-O 10. Bd3 d6 11. Qe2 Bb7 12. Rd1 Nd7 13. h4 h6 14. Bc2 Re8 15. Qd3 f5 16. exf6 Nxf6 17. Ng5 Bd5 18. Qg6 Rf8 19. Nh7 Nxh7 20. Qxh7+ Kf7 21. Bg6+ Kf6 22. Bh5 1-0

[Event "TUR-chT Superleague 2018"]
[Site "Ankara"]
[Date "2018.08.02"]
[Round "9"]
[White "Uysal, Burak"]
[Black "Soysal, Serkan"]
[Result "1/2-1/2"]
[ECO "B06"]
[WhiteElo "2187"]
[BlackElo "2402"]
[Annotator "ChessBase"]
[PlyCount "182"]
[EventDate "2018.07.25"]
[EventType "team-tourn"]
[EventCountry "TUR"]
[SourceTitle "playchess.com"]
[Source "ChessBase"]
[SourceQuality "1"]
[TimeControl "40/5400+30:1800+30"]

1. e4 d6 2. d4 g6 3. Nf3 Bg7 4. Bc4 Nf6 5. Qe2 O-O 6. e5 dxe5 7. dxe5 Nd5 8. O-O Bg4 9. Nbd2 Nb6 10. Bd3 Nc6 11. h3 Nd4 12. Qe4 Nxf3+ 13. Nxf3 Bxf3 14. Qxf3 Bxe5 15. Qxb7 Qd5 16. Qxd5 Nxd5 17. Re1 Bf6 18. Be4 Rad8 19. Bh6 Bxb2 20. Bxf8 Bxa1 21. Rxa1 Nc3 22. Bxe7 Re8 23. Bc5 Rxe4 24. Bxa7 Ra4 25. Be3 Nxa2 26. Kf1 f6 27. Bd2 Kf7 28. Rb1 Rc4 29. Rb2 Nc3 30. Bxc3 Rxc3 31. Ke2 h5 32. Kd2 Rc5 33. h4 g5 34. hxg5 fxg5 35. Rb8 Kg6 36. Rg8+ Kf5 37. Rh8 h4 38. Kd3 Rd5+ 39. Ke2 Re5+ 40. Kd2 Rd5+ 41. Ke2 Ke4 42. Rh7 c5 43. g3 hxg3 44. fxg3 Kd4 45. Kf3 Kc3 46. Ke4 Rd4+ 47. Ke3 Kxc2 48. Rc7 Rc4 49. Rc8 g4 50. Rc7 Kc3 51. Rc8 Kb4 52. Rb8+ Ka5 53. Kd3 Rb4 54. Ra8+ Kb5 55. Rb8+ Ka4 56. Rc8 Rd4+ 57. Kc3 Kb5 58. Rb8+ Kc6 59. Rg8 Ra4 60. Kb3 Re4 61. Kc3 Rd4 62. Rg7 Ra4 63. Rg8 Kd6 64. Rg6+ Kd5 65. Rg5+ Kc6 66. Rg8 Re4 67. Rg7 Kd6 68. Rg6+ Ke5 69. Rg5+ Kf6 70. Rxc5 Re3+ 71. Kd2 Rxg3 72. Ke2 Rf3 73. Rc1 Kg5 74. Rf1 Ra3 75. Kf2 Kh4 76. Kg2 Ra2+ 77. Kg1 Kh3 78. Rb1 Re2 79. Ra1 g3 80. Rb1 Re3 81. Ra1 Rf3 82. Ra8 Rf4 83. Rh8+ Kg4 84. Ra8 Re4 85. Rg8+ Kf3 86. Rf8+ Rf4 87. Rxf4+ Kxf4 88. Kg2 Kg4 89. Kg1 Kh3 90. Kh1 g2+ 91. Kg1 Kg3 1/2-1/2

[Event "TUR-chT Superleague 2018"]
[Site "Ankara"]
[Date "2018.08.02"]
[Round "9"]
[White "Caglar, Ahmet Ata"]
[Black "Erdogan, Anil Berk"]
[Result "1/2-1/2"]
[ECO "A70"]
[WhiteElo "2076"]
[BlackElo "2055"]
[Annotator "NA"]
[PlyCount "168"]
[EventDate "2018.07.25"]
[EventType "team-tourn"]
[EventCountry "TUR"]
[SourceTitle "playchess.com"]
[Source "ChessBase"]
[SourceQuality "1"]
[TimeControl "40/5400+30:1800+30"]

1. d4 Nf6 2. c4 c5 3. d5 e6 4. Nc3 exd5 5. cxd5 d6 6. e4 g6 7. h3 Bg7 8. Nf3 O-O 9. Bd3 b5 10. Nxb5 Nxe4 11. Bxe4 Re8 12. Ng5 h6 13. Ne6 Qa5+ 14. Nc3 Bxc3+ 15. bxc3 Qxc3+ 16. Bd2 Qc4 17. Qc2 Qxc2 18. Bxc2 Kh7 19. O-O fxe6 20. dxe6 Bxe6 21. Rab1 Nd7 22. Bf4 d5 23. Rb7 Kg7 24. Ba4 Re7 25. Re1 Kf6 26. Bd6 Rf7 27. Rb3 Nb6 28. Bc6 Rc8 29. Rf3+ Bf5 30. Be8 Rb7 31. g4 Nc4 32. gxf5 Nxd6 33. Re6+ Kg7 34. Rxg6+ Kh7 35. Rxd6 Rxe8 36. Rxd5 Rc8 37. Rc3 Rg8+ 38. Kf1 Rb1+ 39. Ke2 Rb2+ 40. Rd2 Re8+ 41. Re3 Reb8 42. Re7+ Kg8 43. Rxa7 c4 44. Rc7 Rxd2+ 45. Kxd2 Rb2+ 46. Ke3 Rxa2 47. Rxc4 Ra3+ 48. Kf4 Rxh3 49. Ke5 Ra3 50. Rc8+ Kf7 51. Rc7+ Kf8 52. Rc6 Kf7 53. Rxh6 Ra5+ 54. Kf4 Ra1 55. Re6 Rb1 56. Re4 Kf6 57. Ra4 Rc1 58. Ra6+ Kf7 59. Rd6 Ra1 60. Rg6 Rb1 61. Re6 Ra1 62. f3 Rb1 63. Ra6 Rc1 64. Kg4 Rg1+ 65. Kf4 Rb1 66. Kg3 Rg1+ 67. Kf4 Rb1 68. Ra4 Kf6 69. Rc4 Ra1 70. Rc6+ Kf7 71. f6 Ra5 72. Kg4 Rb5 73. Ra6 Rc5 74. f4 Rb5 75. Kf3 Rb3+ 76. Ke4 Rb4+ 77. Kf5 Rb5+ 78. Kg4 Rc5 79. Ra8 Kxf6 80. Rf8+ Kg7 81. Re8 Kf6 82. Ra8 Rb5 83. Ra6+ Kf7 84. f5 Rb1 1/2-1/2

[Event "TUR-chT Superleague 2018"]
[Site "Ankara"]
[Date "2018.08.02"]
[Round "9"]
[White "Zeydan, Salih"]
[Black "Korkmaz, Necmettin"]
[Result "1-0"]
[ECO "C10"]
[WhiteElo "2061"]
[BlackElo "2056"]
[Annotator "NA"]
[PlyCount "65"]
[EventDate "2018.07.25"]
[EventType "team-tourn"]
[EventCountry "TUR"]
[SourceTitle "playchess.com"]
[Source "ChessBase"]
[SourceQuality "1"]
[TimeControl "40/5400+30:1800+30"]

1. e4 e6 2. d4 d5 3. Nd2 dxe4 4. Nxe4 Nd7 5. Nf3 Ngf6 6. Ng3 c5 7. c3 cxd4 8. Nxd4 Bc5 9. Bc4 O-O 10. O-O Nb6 11. Bb3 $11 Bxd4 12. cxd4 Bd7 13. f4 Bb5 14. Rf2 Bc4 15. Bc2 Nfd5 16. f5 Nb4 17. Bb1 e5 18. f6 g6 19. Qd2 N4d5 20. dxe5 Kh8 21. b3 Ba6 22. Qh6 Rg8 23. e6 Qf8 24. Qh4 Qc5 25. Bb2 Rae8 26. Bf5 Ref8 27. exf7 Rxf7 28. Be6 Rgf8 29. Bxf7 Rxf7 30. Ne4 Qe3 31. Nd6 Qe6 32. Nxf7+ Qxf7 33. Re1 1-0

[Event "TUR-chT Superleague 2018"]
[Site "Ankara"]
[Date "2018.08.02"]
[Round "9"]
[White "Gulden, Egemen"]
[Black "Yaran, Siar"]
[Result "0-1"]
[ECO "C47"]
[WhiteElo "2003"]
[BlackElo "2240"]
[Annotator "NA"]
[PlyCount "116"]
[EventDate "2018.07.25"]
[EventType "team-tourn"]
[EventCountry "TUR"]
[SourceTitle "playchess.com"]
[Source "ChessBase"]
[SourceQuality "1"]
[TimeControl "40/5400+30:1800+30"]

1. e4 e5 2. Nc3 Nc6 3. Nf3 Nf6 4. d4 d6 5. dxe5 {[%emt 0:05:30] LiveBook: 13 Games} Nxe5 6. Nxe5 dxe5 7. Qxd8+ Kxd8 8. Bg5 c6 9. Bxf6+ {[%emt 0:08:30] C47: Scotch Four Knights and Four Knights with 4 g3} (9. O-O-O+ Ke8 10. f3 Be6 11. Kb1 Nd7 12. Bd2 f6 13. Be2 a5 14. Rhf1 b5 15. f4 exf4 16. Bxf4 Ne5 17. a4 b4 18. Na2 Bc5 19. Nc1 Rd8 {½-½ (19) Horwitz,D (2333)-Motta,P (2392) ICCF email 2014}) 9... gxf6 10. O-O-O+ Ke7 $146 ({Predecessor:} 10... Kc7 11. Bc4 Bh6+ 12. Kb1 Rf8 13. f3 a6 14. a4 b5 15. axb5 axb5 16. Bb3 Bb7 {1-0 (51) Olijnyk,O (2102)-Zavadka,A Evpatoria 2003}) 11. Bd3 Rg8 12. Rhg1 Be6 13. Kb1 Kd6 14. g4 Kc7 15. h3 b5 16. Rgf1 $15 Bb4 17. Ne2 a5 18. f4 a4 19. f5 Bd7 20. Ng3 Be7 21. c4 Rgd8 22. Be2 Be8 23. Rxd8 Rxd8 24. Rd1 Rd4 25. cxb5 cxb5 26. Kc2 Kd6 27. Bf3 Kc5 28. Ne2 Rxd1 29. Kxd1 b4 30. b3 Bf8 31. Kc2 Bb5 32. Kd2 Bh6+ 33. Kc2 Bg5 34. bxa4 Bxa4+ 35. Kd3 Bb5+ 36. Kc2 Kc4 37. Kb2 Kd3 38. Ng3 Ke3 39. Bd1 Bh4 40. Nh5 Bc4 41. Bc2 Bf1 42. Kb3 Kd2 43. Bb1 Bxh3 44. Kxb4 Bxg4 45. Ng7 h5 46. a4 Be1 47. Nxh5 Bxh5 48. Kc5 Ke3 49. Kd6 Bb4+ 50. Kd7 Bd1 51. Ke8 Bb3 52. a5 Bxa5 53. Ke7 Be1 54. Kxf6 Kd4 55. Ke7 Bb4+ 56. Kf6 Bd6 57. Kg5 Kc3 58. Kf6 Bc4 0-1